 Dungeon Crawl Stone Soup version 0.26-a0-651-gb41185065b (webtiles) character file.

Game seed: 5295746994383777134

348897 Flugslaktarn the Severer (level 20, -5/199 HPs)
             Began as a Deep Dwarf Fighter on Oct 20, 2020.
             Was the Champion of Makhleb.
             Killed from afar by a Killer Klown (21 damage)
             ... with a klown pie
             ... on level 5 of the Realm of Zot.
             The game lasted 00:19:39 (19101 turns).

Flugslaktarn the Severer (Deep Dwarf Fighter)      Turns: 19101, Time: 00:19:40

Health: -5/199     AC: 39    Str: 26    XL:     20   Next: 88%
Magic:  9/9        EV: 11    Int: 10    God:    Makhleb [******]
Gold:   232        SH: 25    Dex: 19    Spells: 19/19 levels left

rFire    + + +     SeeInvis +   s - +5 broad axe (freeze)
rCold    + . .     Faith    +   R - +2 tower shield {rF+}
rNeg     + . .     Spirit   .   G - +2 gold dragon scales
rPois    +         Reflect  .   H - +2 helmet
rElec    +         Harm     .   c - +2 cloak {rPois}
rCorr    .         Rampage  .   k - +2 pair of gloves {Str+3}
MR       +....                  D - +2 pair of boots {Stlth+}
Stlth    ..........             r - amulet "Eggax" {Faith rElec Dex+4}
HPRegen  0.00/turn              f - ring of protection from fire
MPRegen  0.11/turn              i - ring of see invisible

@: silence, vulnerable, marked, non-regenerating, hasted and slowed
A: damage resistance, heal wounds, clumsy 1, negative energy resistance 1, sense
surroundings 3, no regeneration
}: 3/15 runes: decaying, serpentine, abyssal
a: Heal Wounds, Renounce Religion


You were on level 5 of the Realm of Zot.
You worshipped Makhleb.
Makhleb was exalted by your worship.
You visited 8 branches of the dungeon, and saw 39 of its levels.
You visited the Abyss 1 time.
You also visited: Volcano.

You collected 2587 gold pieces.
You spent 2355 gold pieces at shops.

Inventory:

Hand Weapons
 s - a +5 broad axe of freezing (weapon)
   (You took it off a hell knight on level 3 of the Depths)
Missiles
 b - 2 throwing nets (quivered)
Armour
 c - a +2 cloak of poison resistance (worn)
   (You bought it in a shop on level 2 of the Orcish Mines)
 k - a +2 pair of gloves of strength (worn)
   (You found it on level 3 of the Dungeon)
 D - a +2 pair of boots of stealth (worn)
   (You found it on level 10 of the Dungeon)
 G - +2 gold dragon scales (worn)
   (You found it on level 5 of the Depths)
 H - a +2 helmet (worn)
   (You found it on level 11 of the Dungeon)
 R - a +2 tower shield of fire resistance (worn)
   (You found it in a volcano)
Jewellery
 f - a ring of protection from fire (left hand)
   (You found it on level 11 of the Dungeon)
 i - a ring of see invisible (right hand)
   (You found it on level 1 of the Depths)
 n - a +6 ring of strength
   (You found it on level 4 of the Dungeon)
 r - the amulet "Eggax" (around neck) {Faith rElec Dex+4}
   (You bought it in a shop on level 5 of the Depths)

   [amulet of faith]

   It allows you to gain divine favour quickly.
   It affects your dexterity (+4).
   It insulates you from electricity.
Wands
 g - a wand of digging (9)
   (You found it on level 9 of the Dungeon)
 J - a wand of paralysis (7)
   (You took it off an orc warrior on level 12 of the Dungeon)
 O - a wand of enslavement (11)
   (You found it on level 14 of the Dungeon)
 Q - a wand of acid (9)
   (You found it on level 9 of the Dungeon)
Scrolls
 t - 2 scrolls of teleportation
 v - 3 scrolls of fog
 x - 9 scrolls of remove curse
 y - 2 scrolls of silence
 C - a scroll of immolation
Potions
 d - 2 potions of might
 m - 4 potions of mutation
 o - 5 potions of lignification
 p - 2 potions of cancellation
 q - 2 potions of curing
 u - 4 potions of flight
 w - 2 potions of heal wounds
 B - 3 potions of ambrosia
 P - a potion of magic
 S - a potion of berserk rage
Miscellaneous
 F - a condenser vane (2/2)
   (You found it on level 9 of the Dungeon)


   Skills:
 + Level 16.7 Fighting
 - Level 20.0 Axes
 + Level 18.9 Armour
 - Level 10.1 Dodging
 * Level 18.1 Shields
 - Level 15.0 Invocations
 - Level 10.0 Evocations


You had 19 spell levels left.
You didn't know any spells.
Your spell library was empty.

Dungeon Overview and Level Annotations

Branches:
Dungeon (15/15) Temple (1/1) D:4 Lair (3/6) D:10 Swamp (4/4) Lair:3 Snake (4/4) Lair:2 Orc (2/2) D:12 Elf (0/3) Orc:2 Vaults (0/5) D:12 D:13 Depths (5/5) D:15 Zot (5/5) Depths:5 Volcano (visited)

Altars:
Ashenzari
Cheibriados
Dithmenos
Elyvilon
Fedhas
Gozag
Hepliaklqana
Kikubaaqudgha
Makhleb
Nemelex Xobeh
Okawaru
Qazlal
Ru
Sif Muna
Trog
Uskayaw
Vehumet
Wu Jian
Xom
Yredelemnul
Zin
The Shining One
Beogh

Shops:
D:5 ?   D:15 [   Orc:2 ![([   Snake:1 ?   Snake:3 [[}   Snake:4 [*   Depths:5 =

Portals:
Hell: Depths:3 Depths:5
Abyss: Depths:5
Pandemonium: Depths:3
Ziggurat: Depths:3

Annotations:
Lair:2 2 transporters, Jovvobae's ghost, journeyman OpBe
Lair:3 exclusion: oklob plant
Swamp:1 3 runed translucent doors
Orc:2 3 runed translucent doors, Sassenached's ghost, journeyman DgWn; p0werm0de's ghost, journeyman DDFi
Zot:4 exclusions: death cob and 4 more exclusions


Innate Abilities, Weirdness & Mutations

You are resistant to damage.
You can heal yourself by infusing magical energy.
You resist negative energy. (rN+)
You passively map a large area around you.
You do not regenerate.
You are clumsy. (Dex -2)


Message History

The Orb Guardian hits you but does no damage.
You rip the net and break free!
The death cob hits you but does no damage.
You block the death cob's attack. The Orb Guardian hits you!
* * * LOW HITPOINT WARNING * * *
The Orb Guardian hits you but does no damage.
The orb of fire enters a dispersal trap!
The red draconian blinks!
The golden dragon blinks!
The Orb Guardian blinks!
The storm dragon blinks!
The Orb Guardian blinks! x2; The death cob blinks!
The Orb Guardian blinks!
The electric golem blinks!
The orb of fire blinks! x2
The golden dragon blinks!
You blink.
You block the Orb Guardian's attack. The rime drake breathes ice at you.
You block the flash freeze.
The shadow dragon breathes negative energy at you.
The bolt of negative energy misses you.
The Killer Klown blinks!
Unknown command.
You block the Orb Guardian's attack.
The Killer Klown throws klown pie at you.
The klown pie hits you!!
Blueberry!
An unnatural silence engulfs you.
You die...

..§.......y$..k.......▓▓.......D.
,,............q..[.X§.▓§..§.§....
...........^......p.d§d..*§.^..
,....^.........X...*X▓§§..D...*§
...............XX.z.▓▓.§.......
^...................▓▓▓§.....§▓
,.........^......D...▓ ▓▓▓▓▓▓▓▓▓
...?.........8XX...▓▓
......p.@..▓▓▓ * ........▓▓▓▓ *
▓▓▓▓▓▓▓▓▓


You could see an orb of fire, 2 Killer Klowns, an electric golem, a shadow
dragon (catching breath, vulnerable), a white draconian knight (icy armour), a
red draconian, a death cob (vulnerable) and 7 Orb Guardians.

Vanquished Creatures
  4 Killer Klowns (Zot:4)
  Saint Roka (Orc:2)
  4 caustic shrikes (Depths:5)
  A curse toe (Zot:2)
  3 golden dragons
  Nikola (Swamp:3)
  4 bone dragons
  7 tentacled monstrosities
  A quicksilver dragon (Zot:3)
  2 liches
  2 tentacled starspawn (Abyss:4)
  4 death cobs
  An Executioner (Abyss:4)
  Gastronok (D:11)
  Kirke (D:12)
  3 thorn hunters
  2 storm dragons (Depths:5)
  6 nagarajas (Snake:4)
  A daeva (Abyss:4)
  3 draconian monks (Zot:1)
  4 frost giants
  4 fire giants
  6 draconian scorchers
  4 draconian knights
  4 draconian shifters
  A spriggan defender (Depths:5)
  3 draconian annihilators (Zot:4)
  9 very ugly things (Depths:1)
  3 stone giants (Depths:1)
  2 lorocyprocas (Abyss:4)
  4 black draconians
  6 green draconians
  5 dire elephants (Abyss:4)
  8 white draconians
  4 purple draconians
  5 yellow draconians
  5 red draconians
  Snorg (Orc:2)
  A green death (Abyss:3)
  5 great orbs of eyes
  5 ettins
  3 fire dragons
  3 ogre magi
  2 yaktaur captains
  5 rakshasas
  Harold (D:7)
  8 naga warriors
  A ghost crab (Swamp:4)
  7 ice dragons
  3 spriggan air magi (Depths:5)
  12 hydras
  4 centaur warriors
  Erica (D:11)
  6 alligators
  15 two-headed ogres
  5 deep troll shamans
  5 deep troll earth magi
  3 anacondas
  2 vampire magi (Depths:1)
  3 thrashing horrors (Abyss:4)
  4 orc high priests (Orc:2)
  8 shock serpents
  A hell knight (Depths:3)
  2 spriggan berserkers (Depths:5)
  A sun demon (Abyss:4)
  10 naga sharpshooters
  10 spriggans
  Nergalle (D:12)
  4 wretched stars (Abyss:4)
  2 iron trolls (Depths:1)
  2 salamander mystics (Snake:4)
  2 shadow wraiths (Abyss:4)
  4 unseen horrors
  A flayed ghost (Abyss:4)
  A glowing orange brain (Depths:3)
  5 naga ritualists
  8 deep trolls
  10 sea snakes
  4 spatial maelstroms (Abyss:4)
  9 swamp dragons
  A necromancer (Lair:3)
  2 orc knights
  6 mana vipers
  A wolf spider zombie (D:15)
  A lindwurm (Swamp:4)
  8 cyclopes
  9 salamanders
  9 ugly things
  3 deep elf magi
  4 manticores
  4 orc sorcerers (Orc:2)
  A worldbinder (Abyss:4)
  5 elephants (Abyss:4)
  5 moths of wrath
  Maurice (D:12)
  4 centaur zombies
  5 guardian serpents
  7 smoke demons (Abyss:4)
  14 black mambas
  12 naga magi
  2 gargoyles
  8 cane toads
  2 yaktaurs
  A kobold demonologist (D:15)
  An orange demon (Abyss:4)
  A rime drake (Lair:3)
  A freezing wraith (Abyss:4)
  6 komodo dragons
  3 hellwings (Abyss:4)
  A demonic crawler (Abyss:4)
  A yaktaur (shapeshifter) (Abyss:4)
  An ancient zyme (Abyss:4)
  A tengu conjurer (Depths:5)
  5 trolls
  11 hornets
  13 tyrant leeches
  A hornet (shapeshifter) (Depths:1)
  Grinder (D:6)
  11 raiju (Abyss:4)
  5 blink frogs
  7 hippogriffs
  17 slime creatures
  4 bog bodies
  12 large abominations (Abyss:4)
  A ynoxinul (Abyss:4)
  A spriggan (shapeshifter) (D:14)
  Sigmund (D:3)
  A water elemental (Depths:1)
  A vampire (Abyss:4)
  A tarantella (shapeshifter) (Depths:1)
  4 shadows
  2 basilisks
  A fire elemental (Abyss:4)
  6 hogs
  16 humans
  13 yaks
  A steam dragon (D:10)
  A chaos spawn (Abyss:4)
  2 neqoxecs (Abyss:4)
  10 small abominations (Abyss:4)
  15 vampire mosquitoes
  12 swamp worms
  46 nagas
  3 wargs
  6 spatial vortices (Abyss:4)
  6 insubstantial wisps
  A soldier ant (D:15)
  3 porcupines (Lair:2)
  2 floating eyes
  7 swamp drakes
  4 ice beasts
  28 orc warriors
  2 sky beasts
  16 ogres
  An ice beast (shapeshifter) (Abyss:4)
  2 phantoms
  4 black bears
  3 necrophages
  4 boggarts
  3 wolves (Lair:2)
  8 centaurs
  5 crocodiles
  15 bullfrogs
  3 earth elementals (Depths:4)
  4 scorpions
  6 killer bees (D:12)
  20 wights
  An electric eel (Snake:1)
  10 howler monkeys
  4 quasits
  5 centaur skeletons
  4 hounds
  5 jellies
  33 orc priests
  6 starcursed masses (Abyss:4)
  Crazy Yiuf (D:4)
  An iron imp (Abyss:4)
  6 bullfrog skeletons
  31 orc wizards
  4 iguanas
  6 worker ants
  A polar bear simulacrum (Lair:3)
  4 wolf simulacra (Lair:3)
  2 yak simulacra (Lair:3)
  A killer bee zombie (D:7)
  7 gnolls
  17 adders
  A howler monkey skeleton (D:7)
  2 white imps (D:5)
  4 ufetubi
  An adder zombie (D:8)
  2 adder skeletons
  A worm (D:4)
  2 dart slugs (D:2)
  6 leopard geckos
  103 orcs
  5 ball pythons
  5 giant cockroaches
  5 hobgoblins
  18 jackals
  4 kobolds
  4 quokkas
  2 bats (D:1)
  3 frilled lizards
  4 goblins
  A jackal skeleton (D:4)
  A leopard gecko zombie (D:6)
  A quokka skeleton (D:6)
  A quokka zombie (D:9)
  2 rats (D:1)
  4 river rat simulacra (Lair:3)
  2 briar patches
  A starspawn tentacle (Abyss:4)
1162 creatures vanquished.

Vanquished Creatures (collateral kills)
  An electric golem (Zot:5)
  Rupert (D:12)
  A death cob (Zot:4)
  A thorn hunter (Swamp:4)
  2 nagarajas (Snake:4)
  A purple draconian (Zot:4)
  2 hydras (Swamp:4)
  2 naga warriors (Snake:4)
  A shambling mangrove (Swamp:4)
  A deep troll shaman (Depths:5)
  3 anacondas (Snake:4)
  A naga sharpshooter (Snake:4)
  A deep troll (Depths:5)
  2 lindwurms (Swamp:4)
  4 swamp dragons (Swamp:4)
  A mana viper (Snake:4)
  An ugly thing (D:13)
  2 guardian serpents (Snake:4)
  A cane toad (Swamp:4)
  A slime creature (D:13)
  2 nagas (Snake:4)
  4 swamp drakes (Swamp:4)
  2 briar patches (Swamp:4)
38 creatures vanquished.

Vanquished Creatures (others)
  A draconian stormcaller (Zot:4)
  A swamp dragon (Swamp:3)
  2 hornets (Swamp:3)
  A human (D:12)
  2 swamp worms (Swamp:3)
  2 swamp drakes
  An orc (D:12)
  A goblin (D:12)
  5 briar patches
  9 fungi
  44 plants
  8 starspawn tentacles
77 creatures vanquished.

Grand Total: 1277 creatures vanquished

Notes
Turn   | Place    | Note
-------+----------+-------------------------------------------
     0 | D:1      | Flugslaktarn the Deep Dwarf Fighter began the quest for the
                  | Orb.
     0 | D:1      | Reached XP level 1. HP: 20/20 MP: 1/1
    95 | D:1      | Reached XP level 2. HP: 22/27 MP: 2/2
   355 | D:2      | Reached XP level 3. HP: 28/34 MP: 3/3
   382 | D:2      | Reached skill level 3 in Axes
   408 | D:2      | Reached XP level 4. HP: 42/42 MP: 4/4
   534 | D:2      | Found a faded altar of an unknown god.
   881 | D:3      | Noticed Sigmund
   912 | D:3      | Killed Sigmund
   912 | D:3      | Reached skill level 4 in Axes
   912 | D:3      | Reached XP level 5. HP: 17/50 MP: 5/5
   912 | D:3      | Reached XP level 6. HP: 20/57 MP: 6/6
  1020 | D:4      | Found a staircase to the Ecumenical Temple.
  1032 | Temple   | Entered the Ecumenical Temple
  1163 | D:4      | Found a shimmering blue altar of Sif Muna.
  1414 | D:4      | Found a bloodstained altar of Trog.
  1414 | D:4      | Found a sacrificial altar of Ru.
  1716 | D:4      | Found a runed translucent door.
  1717 | D:4      | Noticed Crazy Yiuf
  1726 | D:4      | Paralysed by Crazy Yiuf for 3 turns
  1736 | D:4      | Killed Crazy Yiuf
  1736 | D:4      | Reached skill level 5 in Axes
  1805 | D:5      | Entered Level 5 of the Dungeon
  1823 | D:5      | Reached XP level 7. HP: 32/66 MP: 7/7
  1843 | D:5      | Reached skill level 5 in Fighting
  1852 | D:5      | Reached skill level 5 in Armour
  1904 | D:5      | Reached skill level 5 in Shields
  1995 | D:5      | Reached skill level 6 in Axes
  2252 | D:5      | Found Waddoar's Magic Scroll Emporium.
  2256 | D:5      | Reached XP level 8. HP: 53/75 MP: 8/8
  2571 | D:6      | Reached skill level 1 in Dodging
  2575 | D:6      | Found a glowing silver altar of Zin.
  2628 | D:6      | Noticed Grinder
  2650 | D:6      | Killed Grinder
  2805 | D:6      | Reached skill level 7 in Axes
  2918 | D:6      | Found a burning altar of Makhleb.
  2941 | D:6      | Became a worshipper of Makhleb the Destroyer
  3063 | D:7      | Reached skill level 1 in Invocations
  3091 | D:7      | Noticed a two-headed ogre
  3099 | D:7      | Killed a two-headed ogre
  3099 | D:7      | Reached skill level 8 in Axes
  3099 | D:7      | Gained mutation: You passively map the area around you.
                  | [Deep Dwarf growth]
  3099 | D:7      | Reached XP level 9. HP: 29/86 MP: 7/9
  3262 | D:7      | Found a blossoming altar of Fedhas.
  3302 | D:7      | Noticed Harold
  3312 | D:7      | Paralysed by a hornet for 3 turns
  3327 | D:7      | Killed Harold
  3327 | D:7      | Reached skill level 9 in Axes
  3652 | D:7      | Reached XP level 10. HP: 96/96 MP: 7/7
  3657 | D:7      | Reached * piety under Makhleb
  4165 | D:8      | Noticed a two-headed ogre
  4171 | D:8      | Killed a two-headed ogre
  4744 | D:9      | Reached skill level 5 in Invocations
  4796 | D:9      | Reached skill level 5 in Dodging
  5295 | D:9      | Found a roughly hewn altar of Beogh.
  5306 | D:9      | Reached ** piety under Makhleb
  5512 | D:10     | Entered Level 10 of the Dungeon
  5514 | D:10     | Noticed a two-headed ogre
  5518 | D:10     | Reached skill level 10 in Axes
  5522 | D:10     | Killed a two-headed ogre
  5522 | D:10     | Reached skill level 1 in Evocations
  5664 | D:10     | Reached *** piety under Makhleb
  5720 | D:10     | Noticed a gargoyle
  5724 | D:10     | Killed a gargoyle
  5724 | D:10     | Reached XP level 11. HP: 89/106 MP: 9/9
  5829 | D:10     | Found a staircase to the Lair.
  6109 | D:11     | Killed an unseen horror
  6140 | D:11     | Killed an unseen horror
  6170 | D:11     | Noticed Erica
  6179 | D:11     | Killed Erica
  6179 | D:11     | Reached skill level 11 in Axes
  6187 | D:11     | Noticed a purple ugly thing
  6196 | D:11     | Killed a purple ugly thing
  6415 | D:11     | Reached **** piety under Makhleb
  6426 | D:11     | Identified a scroll of acquirement
  6430 | D:11     | Acquired a manual of Armour
  6498 | D:11     | Killed an unseen horror
  6646 | D:11     | Noticed Gastronok
  6661 | D:11     | Killed Gastronok
  6661 | D:11     | Reached skill level 10 in Fighting
  6661 | D:11     | Reached skill level 5 in Evocations
  6886 | D:12     | Noticed Kirke
  6909 | D:11     | Reached XP level 12. HP: 102/116 MP: 11/11
  6940 | D:12     | Killed Kirke
  6980 | D:12     | Noticed Maurice
  7012 | D:12     | Killed Maurice
  7012 | D:12     | Reached skill level 12 in Axes
  7064 | D:12     | Noticed Nergalle
  7076 | D:12     | Killed Nergalle
  7136 | D:12     | Found a staircase to the Orcish Mines.
  7148 | D:12     | Reached ***** piety under Makhleb
  7300 | D:13     | Found a gate to the Vaults.
  7300 | D:13     | Noticed a centaur warrior
  7300 | D:13     | Noticed Rupert
  7317 | D:12     | Killed a centaur warrior
  7321 | D:12     | Reached skill level 10 in Armour
  7355 | D:12     | Killed Rupert
  7373 | D:13     | Reached XP level 13. HP: 127/127 MP: 13/13
  7524 | D:13     | Reached skill level 13 in Axes
  8451 | D:15     | Entered Level 15 of the Dungeon
  8510 | D:15     | Noticed a fire giant
  8512 | D:15     | Reached skill level 10 in Invocations
  8523 | D:15     | Killed a fire giant
  8596 | D:15     | Noticed a fire dragon
  8604 | D:15     | Killed a fire dragon
  8717 | D:15     | Found a staircase to the Depths.
  8878 | D:15     | Gained mutation: You resist negative energy. (rN+) [Deep
                  | Dwarf growth]
  8878 | D:15     | Reached XP level 14. HP: 138/138 MP: 14/14
  8916 | D:15     | Reached skill level 14 in Axes
  8933 | D:15     | Found a snail-covered altar of Cheibriados.
  8933 | D:15     | Found Cheibriados's Comfort Zone.
  9061 | D:15     | Reached ****** piety under Makhleb
  9169 | D:15     | Bought a +7 plate armour of ponderousness for 560 gold
                  | pieces
  9325 | Lair:1   | Entered Level 1 of the Lair of Beasts
  9631 | Lair:2   | Found a staircase to the Snake Pit.
  9761 | Lair:2   | Found a transporter.
  9793 | Lair:2   | Noticed Jovvobae's ghost (journeyman OpBe)
  9797 | Lair:2   | Found a transporter.
 10243 | Lair:3   | Found a staircase to the Swamp.
 11114 | Orc:1    | Entered Level 1 of the Orcish Mines
 11318 | Orc:2    | Entered Level 2 of the Orcish Mines
 11378 | Orc:2    | Paralysed by an orc sorcerer for 5 turns
 11405 | Orc:2    | Noticed Saint Roka
 11430 | Orc:2    | Killed Saint Roka
 11430 | Orc:2    | Reached skill level 10 in Evocations
 11443 | Orc:2    | Found a dark tunnel.
 11452 | Volcano  | Entered a volcano
 11471 | Volcano  | Found a burning altar of Makhleb.
 11482 | Volcano  | Reached skill level 10 in Dodging
 11570 | Orc:2    | Reached skill level 15 in Axes
 11570 | Orc:2    | Reached XP level 15. HP: 147/147 MP: 16/16
 11686 | Orc:2    | Noticed Snorg
 11696 | Orc:2    | Killed Snorg
 11800 | Orc:2    | Found a staircase to the Elven Halls.
 11894 | Orc:2    | Found a runed translucent gate.
 11894 | Orc:2    | Found a runed translucent gate.
 11894 | Orc:2    | Found a runed translucent gate.
 11895 | Orc:2    | Noticed p0werm0de's ghost (journeyman DDFi)
 11895 | Orc:2    | Noticed Sassenached's ghost (journeyman DgWn)
 12001 | Orc:2    | Found Bej Zus's Distillery.
 12001 | Orc:2    | Found Qepyeggo's Antique Armour Shop.
 12001 | Orc:2    | Found Gapeo's Antique Armour Boutique.
 12005 | Orc:2    | Found Yjeloh's Weapon Shop.
 12434 | Orc:2    | Bought a glowing cloak for 232 gold pieces
 12447 | Orc:2    | Bought a runed cloak for 210 gold pieces
 12690 | Swamp:1  | Entered Level 1 of the Swamp
 12796 | Swamp:1  | Found a runed translucent gate.
 12796 | Swamp:1  | Found a runed translucent gate.
 12797 | Swamp:1  | Found a runed translucent gate.
 12997 | Swamp:2  | Noticed a thorn hunter
 13016 | Swamp:2  | Killed a thorn hunter
 13153 | Swamp:3  | Noticed Nikola
 13182 | Swamp:3  | Killed Nikola
 13194 | Swamp:3  | Noticed a thorn hunter
 13214 | Swamp:3  | Killed a thorn hunter
 13242 | Swamp:4  | Entered Level 4 of the Swamp
 13452 | Swamp:4  | Reached skill level 16 in Axes
 13466 | Swamp:4  | Noticed a thorn hunter
 13477 | Swamp:4  | Killed a thorn hunter
 13486 | Swamp:4  | Reached XP level 16. HP: 73/158 MP: 17/17
 13502 | Swamp:4  | Noticed a thorn hunter
 13528 | Swamp:4  | Killed a thorn hunter
 13715 | Swamp:4  | Got a decaying rune of Zot
 14006 | Snake:1  | Entered Level 1 of the Snake Pit
 14088 | Snake:1  | Reached skill level 15 in Armour
 14214 | Snake:1  | Found Ugiahus's Magic Scroll Boutique.
 14231 | Snake:1  | Bought a scroll of enchant weapon for 105 gold pieces
 14557 | Snake:3  | Found Puis's Armour Shoppe.
 14559 | Snake:3  | Found Azoduj's Armour Emporium.
 14561 | Snake:3  | Found Rempuc's Gadget Shoppe.
 14753 | Snake:4  | Entered Level 4 of the Snake Pit
 14834 | Snake:4  | Reached skill level 10 in Shields
 14914 | Snake:4  | Reached skill level 17 in Axes
 14951 | Snake:4  | Found Biucw's Armour Shoppe.
 14953 | Snake:4  | Found Rejic's General Store.
 15370 | Snake:4  | Reached XP level 17. HP: 148/168 MP: 19/19
 15668 | Snake:4  | Got a serpentine rune of Zot
 15961 | D:15     | Cast into level 3 of the Abyss (unwielding a weapon of
                  | distortion)
 15961 | Abyss:3  | Found a corrupted altar of Lugonu.
 16057 | Abyss:4  | Noticed a bone dragon
 16077 | Abyss:4  | Killed a bone dragon
 16271 | Abyss:4  | Noticed a bone dragon
 16297 | Abyss:4  | Killed a bone dragon
 16360 | Abyss:4  | Found a corrupted altar of Lugonu.
 16426 | Abyss:4  | Reached skill level 18 in Axes
 16586 | Abyss:4  | Identified the +7 tower shield of Wrong Decisions {Dex+7
                  | Slay+6 Stlth-}
 16601 | Abyss:4  | Noticed a lich
 16616 | Abyss:4  | Noticed a Tzitzimitl
 16623 | Abyss:4  | Killed a lich
 16638 | Abyss:4  | Gained mutation: You passively map a large area around you.
                  | [Deep Dwarf growth]
 16638 | Abyss:4  | Reached XP level 18. HP: 84/177 MP: 19/19
 16652 | Abyss:4  | Noticed a bone dragon
 16682 | Abyss:4  | Killed a bone dragon
 16729 | Abyss:4  | Noticed a bone dragon
 16889 | Abyss:4  | Noticed a hellephant
 16895 | Abyss:4  | Found a radiant altar of Vehumet.
 16913 | Abyss:4  | Reached skill level 15 in Invocations
 16938 | Abyss:4  | Found a corrupted altar of Lugonu.
 16938 | Abyss:4  | Noticed a hellephant
 16955 | Abyss:4  | Got an abyssal rune of Zot
 16956 | Abyss:4  | Paralysed by accursed screaming for 1 turns
 16978 | Abyss:5  | Entered Level 5 of the Abyss
 17017 | D:15     | Escaped the Abyss
 17082 | Depths:1 | Entered Level 1 of the Depths
 17103 | Depths:1 | Reached skill level 15 in Fighting
 17372 | Depths:2 | Reached skill level 19 in Axes
 17404 | Depths:3 | Found a gateway to a ziggurat.
 17457 | Depths:3 | Found a gateway to Hell.
 17464 | Depths:3 | Found a one-way gate leading to the halls of Pandemonium.
 17620 | Depths:5 | Entered Level 5 of the Depths
 17649 | Depths:5 | Reached XP level 19. HP: 179/186 MP: 18/18
 17659 | Depths:5 | Paralysed by a floating eye for 3 turns
 17783 | Depths:5 | Found Adiejant's Jewellery Emporium.
 17788 | Depths:5 | Bought the amulet "Eggax" {Faith rElec Dex+4} for 1248 gold
                  | pieces
 17815 | Depths:5 | Noticed a lich
 17823 | Depths:5 | Paralysed by a lich for 5 turns
 17836 | Depths:5 | Killed a lich
 17851 | Depths:5 | Found a one-way gate to the infinite horrors of the Abyss.
 17853 | Depths:5 | Noticed a caustic shrike
 17857 | Depths:5 | Noticed a caustic shrike
 17857 | Depths:5 | Noticed a caustic shrike
 17858 | Depths:5 | Noticed a caustic shrike
 17879 | Depths:5 | HP: 6/186 [acid (9)]
 17888 | Depths:5 | Killed a caustic shrike
 17890 | Depths:5 | Killed a caustic shrike
 17890 | Depths:5 | HP: 8/186 [caustic shrike/exploding inner flame[the player
                  | character] (2)]
 17890 | Depths:5 | Reached skill level 15 in Shields
 18072 | Depths:5 | Killed a caustic shrike
 18075 | Depths:5 | Killed a caustic shrike
 18122 | Depths:5 | Reached skill level 20 in Axes
 18126 | Depths:5 | Found a gate to the Realm of Zot.
 18126 | Depths:5 | Noticed a golden dragon
 18126 | Depths:5 | Noticed a bone dragon
 18137 | Depths:5 | Killed a bone dragon
 18143 | Depths:5 | Killed a golden dragon
 18173 | Zot:1    | Entered Level 1 of the Realm of Zot
 18425 | Zot:2    | Noticed a golden dragon
 18425 | Zot:2    | Noticed a curse toe
 18436 | Zot:2    | Killed a golden dragon
 18450 | Zot:2    | Killed a curse toe
 18450 | Zot:2    | Reached XP level 20. HP: 91/196 MP: 17/17
 18789 | Zot:4    | Noticed a curse toe
 18792 | Zot:4    | Noticed a golden dragon
 18794 | Zot:4    | Noticed a Killer Klown
 18866 | Zot:4    | Noticed a curse toe
 18891 | Zot:4    | Noticed a Killer Klown
 18926 | Zot:4    | Noticed a Killer Klown
 18929 | Zot:4    | Killed a Killer Klown
 18941 | Zot:4    | Noticed a Killer Klown
 18951 | Zot:4    | Killed a Killer Klown
 18966 | Zot:4    | Killed a Killer Klown
 18970 | Zot:4    | Killed a Killer Klown
 18992 | Zot:5    | Entered Level 5 of the Realm of Zot
 19017 | Zot:5    | Noticed a golden dragon
 19033 | Zot:5    | Killed a golden dragon
 19068 | Zot:5    | Noticed an ancient lich
 19069 | Zot:5    | Paralysed by a Zot trap for 4 turns
 19074 | Zot:5    | Noticed an orb of fire
 19074 | Zot:5    | Noticed a Killer Klown
 19074 | Zot:5    | Noticed an orb of fire
 19074 | Zot:5    | Noticed a Killer Klown
 19075 | Zot:5    | Noticed an orb of fire
 19076 | Zot:5    | Noticed a Killer Klown
 19077 | Zot:5    | Noticed an orb of fire
 19078 | Zot:5    | Noticed a golden dragon
 19080 | Zot:5    | Gained mutation: You are clumsy. (Dex -2) [an orb of fire]
 19095 | Zot:5    | Noticed an orb of fire
 19101 | Zot:5    | Killed from afar by a Killer Klown

Illustrated notes

Levels and vault maps discovered:
D:1:      mrwooster_arrival_statue_3, layout_basic
D:2:      layout_loops_corners, chequers_ecumenical_altar_simple_redux
D:3:      layout_loops_ring, cheibrodos_sewer_entry_bend, minivault_19,
          grunt_decor_one_mirror, uniq_sigmund
D:4:      layout_loops_ring, lemuel_round_altar,
          gammafunk_temple_overflow_statue, temple_fountains,
          uniq_crazy_yiuf_cottage
D:5:      layout_basic, serial_shops, shop, st_stairs_9
D:6:      layout_loops_ring, kennysheep_little_box, overflow_temple_1_default,
          uniq_grinder
D:7:      layout_layer_cave, lemuel_doored_altar, uniq_harold
D:8:      layout_cave_pods
D:9:      layout_loops_corners, special_room [special_room_orc], minivault_10,
          minivault_5
D:10:     layout_gridville, david_lair_shrubbed, kennysheep_big_empty_room
D:11:     layout_roguey, pond, uniq_gastronok, uniq_erica
D:12:     layout_basic, erik_orc_4, uniq_nergalle, uniq_kirke, uniq_maurice
D:13:     layout_rooms, david_vaults_3, kennysheep_nub
D:14:     layout_basic
D:15:     grunt_enter_depths_hoard, layout_gridville, dk_noncrumbling_3,
          minivault_20, minmay_shop_chei
Temple:   lightli_temple_of_artemis
Lair:1:   layout_concentric_octagons, infiniplex_staircase_pool_2,
          lemuel_fruit_fields
Lair:2:   layout_regular_city, dummy_snake_entry, gammafunk_ghost_hive
Lair:3:   layout_concentric_octagons, palyth_hydra_swamp_entry,
          eino_house_with_fridge, grunt_megastairs_5
Swamp:1:  layout_falls_marsh, gammafunk_ghost_cemetery, lemuel_altar_in_water,
          infiniplex_staircase_pool, uniq_louise
Swamp:2:  layout_basic_swamp, evilmike_swamp_ruin_house_2
Swamp:3:  layout_basic_swamp, evilmike_swamp_ruin_wall, uniq_nikola
Swamp:4:  swamp_alternative, layout_basic_swamp, swamp_pool4,
          nicolae_swamp_very_dense_foliage
Snake:1:  layout_gridlike, serial_shops, shop, minmay_shop_grove,
          serial_bayou_shore_a, grunt_megastairs_3
Snake:2:  layout_cave_shapes, uniq_aizul
Snake:3:  layout_onion_interference, minmay_shop_star
Snake:4:  grunt_snake_rune_pools, layout_misc_corridors, st_stairs_3,
          minmay_shoptagon
Orc:1:    layout_caves
Orc:2:    st_orc_mages, layout_caves, enter_volcano_2, gammafunk_ghost_cemetery,
          uniq_saint_roka, uniq_snorg
Depths:1: layout_cave_pools, lightli_too_deep, rand_demon_pan_entry_8,
          lemuel_flamethrower_3
Depths:2: thingy_vault, layout_basic, hell_entry, minmay_misc_feat_cross,
          serial_sigils, serial_sigils_hangedman_shear,
          serial_sigils_hangedman_scar, serial_sigils_hangedman_scratch,
          serial_sigils_hangedman_quiver, serial_bayou_shore_b
Depths:3: hangedman_pleasuredromes, hell_entry, serial_shops, pan_entry
Depths:4: minmay_the_grid_square_5x5_4x4 [minmay_the_grid_square_5x5_inner_i,
          minmay_the_grid_square_5x5_minimal, minmay_the_grid_square_5x5_eight,
          minmay_the_grid_square_5x5_pentomino_r,
          minmay_the_grid_square_5x5_comb,
          minmay_the_grid_square_5x5_prize_pseudospiral,
          minmay_the_grid_square_5x5_prize_junk,
          minmay_the_grid_square_5x5_n_small, minmay_the_grid_square_5x5_lines,
          minmay_the_grid_square_5x5_prize_gold,
          minmay_the_grid_square_5x5_prize_monsterx,
          minmay_the_grid_square_5x5_eight_small,
          minmay_the_grid_square_5x5_longway,
          minmay_the_grid_square_5x5_half_checkered,
          minmay_the_grid_square_5x5_c, minmay_the_grid_square_5x5_shuriken],
          layout_gridlike, abyss_entry, nicolae_water_bricks, hell_entry,
          hangedman_stitches_earthworm, infiniplex_staircase_zigzag_2
Depths:5: grunt_zot_entry_funnels, layout_cave_shapes,
          chequers_serial_rivers_small_a, abyss_entry, hell_entry, serial_shops,
          nicolae_shop_stone, minmay_alternating_orb
Zot:1:    layout_cellular_growth, bh_zot_lava_cross
Zot:2:    kennysheep_blocky_hall, layout_basic, grunt_megastairs_1
Zot:3:    layout_misc_corridors, ebering_ghost_rock_garden,
          hangedman_zot_diagonal_lockstep
Zot:4:    ebering_klown_carousel, layout_basic
Zot:5:    layout_misc_corridors, hangedman_zot_decor_tridents

Skill      XL: |  1  2  3  4  5  6  7  8  9 10 11 12 13 14 15 16 17 18 19 20 |
---------------+-------------------------------------------------------------+-----
Fighting       | 3 4 5 7 8 9 10 11 12 13 14 15 16 | 16.7
Axes           | 3 4 5 6 8 9 10 11 12 13 15 16 17 18 19 20 | 20.0
Armour         | 4 5 6 7 9 10 11 13 14 15 16 17 18 | 18.9
Shields        | 4 5 8 10 12 14 16 18 | 18.1
Dodging        | 3 4 5 6 8 9 10 | 10.1
Invocations    | 2 4 6 7 9 10 11 12 13 14 15 | 15.0
Evocations     | 2 5 7 8 10 | 10.0

Action                   |  1- 3 |  4- 6 |  7- 9 | 10-12 | 13-15 | 16-18 | 19-21 || total
-------------------------+-------+-------+-------+-------+-------+-------+-------++-------
Melee: War axe           |    79 |   168 |    24 |       |       |       |       ||   271
       Battleaxe         |       |       |   192 |   477 |   636 |       |       ||  1305
       Broad axe         |       |       |       |       |   452 |  1298 |   479 ||  2229
Invok: Lesser Servant of |       |       |       |     1 |     5 |       |       ||     6
       Greater Servant o |       |       |       |       |     2 |     5 |     6 ||    13
 Abil: Heal Wounds       |     1 |     6 |    14 |     4 |    14 |    17 |    39 ||    95
Evoke: Wand              |       |       |       |       |     3 |       |     2 ||     5
       Condenser vane    |       |       |       |       |     3 |     2 |     6 ||    11
  Use: Potion            |       |       |     2 |       |     2 |     4 |     8 ||    16
       Scroll            |       |       |    19 |    11 |     8 |     4 |    15 ||    57
 Stab: Distracted        |       |       |       |     1 |     2 |     2 |     2 ||     7
       Confused          |       |       |       |       |     4 |       |       ||     4
       Invisible         |       |       |       |       |       |       |    19 ||    19
Armor: Scale mail        |    30 |    82 |    54 |       |       |       |       ||   166
       Plate armour      |       |       |   107 |   454 |   812 |   709 |   152 ||  2234
       Gold dragon scale |       |       |       |       |       |       |   302 ||   302
Dodge: Dodged            |    23 |    46 |   136 |   448 |   807 |   526 |   252 ||  2238
Block: Kite shield       |    45 |    82 |    15 |       |       |       |       ||   142
       Tower shield      |       |       |       |       |   562 |  1536 |   814 ||  2912

Table legend: (Time is in decaauts)
 A = Elapsed time spent in this place.
 B = Non-inter-level travel time spent in this place.
 C = Inter-level travel time spent in this place.
 D = Time resting spent in this place.
 E = Time spent auto-exploring this place.
 F = Levels seen in this place.
 G = Mean time per level.
                   A        B        C        D        E       F      G
               +--------+--------+--------+--------+--------+-----+--------+
         Total |  19790 |  17771 |   2019 |    588 |  10477 |  43 |  460.2 |
       Dungeon |   9888 |   8899 |    989 |    135 |   6058 |  15 |  659.2 |
        Temple |    106 |     89 |     17 |      0 |     88 |   1 |  106.0 |
          Lair |   2111 |   1701 |    410 |      0 |   1410 |   3 |  703.7 |
         Swamp |   1379 |   1104 |    275 |      0 |    467 |   4 |  344.8 |
     Snake Pit |   1864 |   1692 |    172 |     59 |   1000 |   4 |  466.0 |
  Orcish Mines |   1366 |   1282 |     84 |      0 |    756 |   2 |  683.0 |
        Depths |   1031 |   1010 |     21 |    121 |    276 |   5 |  206.2 |
           Zot |    897 |    850 |     47 |    272 |     60 |   5 |  179.4 |
         Abyss |   1024 |   1024 |      0 |      0 |    342 |   3 |  341.3 |
       Volcano |    119 |    119 |      0 |      0 |     16 |   1 |  119.0 |
               +--------+--------+--------+--------+--------+-----+--------+

Top non-repeatable levels by time:
   Orc:2: 1128 daAuts
  Lair:3: 1094 daAuts
    D:11: 1033 daAuts
 Snake:4: 982 daAuts
     D:7: 982 daAuts
     D:9: 970 daAuts
  Lair:2: 932 daAuts
 Abyss:4: 931 daAuts
    D:15: 848 daAuts
     D:6: 800 daAuts
     D:4: 797 daAuts
    D:10: 705 daAuts
    D:14: 688 daAuts
 Swamp:4: 642 daAuts
     D:8: 544 daAuts
